 Dungeon Crawl Stone Soup version 0.30-a0-1002-ga41ad49a19 (webtiles) character file.

Game seed: 10847303351776256311

359941 MacCMillion the Spry (level 20, -1/195 HPs)
             Began as a Demigod Hunter on Apr 5, 2023.
             Killed from afar by a deep elf zephyrmancer (20 damage)
             ... with a bolt of lightning
             ... summoned by a glowing orange brain
             ... while paralysed by a floating eye
             ... on level 3 of the Elven Halls.
             The game lasted 01:50:50 (62892 turns).

MacCMillion the Spry (Demigod Hunter)              Turns: 62892, Time: 01:50:50

Health: -1/195     AC: 13    Str: 10    XL:     20   Next: 59%
Magic:  0/28       EV:  2    Int: 11    God:
Gold:   4919       SH:  0    Dex: 56    Spells: 23/25 levels left

rFire   . . .      SeeInvis .    Y - +4 longbow (heavy)
rCold   + . .      Faith    .    (shield currently unavailable)
rNeg    . . .      Spirit   .    p - +1 robe {Will+}
rPois   .          Reflect  .    X - +1 hat of Iqaoboag {rC+ Regen+ Dex+3}
rElec   .          Rampage  .    N - +2 cloak
rCorr   .                        f - +3 pair of gauntlets of War {Slay+5}
Will    +++..                    D - +3 pair of boots of Esolurph {Regen+ Slay+2}
Stlth   +++++                    n - amulet of the acrobat
HPRegen 2.12/turn                S - +6 ring of dexterity
MPRegen 0.21/turn                T - +6 ring of dexterity

@: paralysed, corroded
A: high MP 1, forlorn, divine attributes, horns 1, weak 1, MP-powered wands
}: 2/15 runes: decaying, gossamer
a: no special abilities


You were on level 3 of the Elven Halls.
You visited 7 branches of the dungeon, and saw 37 of its levels.
You also visited: Bailey and Volcano.

You collected 5997 gold pieces.
You spent 1078 gold pieces at shops.

Inventory:

Hand Weapons
 F - a +0 hand crossbow of flaming
 Y - a +4 heavy longbow (weapon)
Missiles
 z - 3 throwing nets
Armour
 f - the +3 pair of gauntlets of War (worn) {Slay+5}
   (You bought it in a shop on level 2 of the Dungeon)

   Slay:      It affects your accuracy & damage with ranged weapons and melee
   (+5).
 p - a +1 robe of willpower (worn)
 D - the +3 pair of boots of Esolurph (worn) {Regen+ Slay+2}
   (You found it on level 3 of the Elven Halls)

   Slay:      It affects your accuracy & damage with ranged weapons and melee
   (+2).
   Regen:     It increases your rate of health regeneration.
 L - +0 swamp dragon scales
 N - a +2 cloak (worn)
 X - the +1 hat of Iqaoboag (worn) {rC+ Regen+ Dex+3}
   (You found it on level 4 of the Spider Nest)

   Dex:       It affects your dexterity (+3).
   rC:        It protects you from cold.
   Regen:     It increases your rate of health regeneration.
Jewellery
 e - a ring of flight
 i - a ring of the Octopus King {rF+ HP+2 AC+2 EV+2 SH+2}
   (You took it off a deep elf knight on level 3 of the Elven Halls)

   [ring of protection from fire]

   AC:        It affects your AC (+2).
   EV:        It affects your evasion (+2).
   rF:        It protects you from fire.
   HP:        It affects your health (+2).
   SH:        It affects your SH (+2).
 n - an amulet of the acrobat (around neck)
 s - the ring of Ivvu {Fly rElec}
   (You took it off a deep elf death mage on level 3 of the Elven Halls)

   [ring of flight]

   rElec:     It insulates you from electricity.
   Fly:       It grants you flight.
 B - a ring of resist corrosion
 R - a ring of fire
 S - a +6 ring of dexterity (left hand)
 T - a +6 ring of dexterity (right hand)
 V - an amulet of guardian spirit
 Z - a +4 ring of protection
Wands
 l - a wand of digging (7)
 y - a wand of flame (88)
 C - a wand of iceblast (7)
 K - a wand of charming (51)
 W - a wand of quicksilver (16)
Scrolls
 b - 8 scrolls of immolation
 d - 5 scrolls of teleportation
 h - 15 scrolls of vulnerability
 k - 2 scrolls of brand weapon
 v - 7 scrolls of magic mapping
 H - 5 scrolls of blinking
 I - 7 scrolls of enchant armour
 J - 5 scrolls of fear
 M - 5 scrolls of poison
 P - 6 scrolls of amnesia
 Q - 3 scrolls of silence
Potions
 a - a potion of berserk rage
 g - 8 potions of flight
 j - 2 potions of brilliance
 m - 16 potions of mutation
 o - 7 potions of attraction
 q - 6 potions of lignification
 r - 6 potions of haste
 t - 7 potions of magic
 u - 11 potions of curing
 w - 3 potions of invisibility
 x - 3 potions of ambrosia
 A - 3 potions of cancellation
 O - 3 potions of might
 U - 3 potions of heal wounds
Miscellaneous
 c - a phial of floods
 E - a box of beasts
 G - a lightning rod (4/4)


   Skills:
 + Level 20.7 Fighting
 + Level 19.1 Ranged Weapons
 - Level 9.6 Armour
 + Level 20.7 Dodging
 - Level 4.0 Stealth
 - Level 3.0 Spellcasting
 - Level 7.0 Translocations


You had 23 spell levels left.
You knew the following spells:

 Your Spells              Type           Power      Damage    Failure   Level
a - Blink                 Tloc           34%        N/A       2%          2

Your spell library contained the following spells:

 Spells                   Type           Power      Damage    Failure   Level
 Apportation              Tloc           34%        N/A       1%          1
 Lesser Beckoning         Tloc           34%        N/A       2%          2
 Gell's Gravitas          Tloc           17%        N/A       4%          3
 Teleport Other           Tloc           17%        N/A       4%          3
 Momentum Strike          Conj/Tloc      18%        3d8       10%         2
 Passage of Golubria      Tloc           17%        N/A       14%         4
 Foxfire                  Conj/Fire      4%         2x1d4     26%         1
 Freeze                   Ice            4%         1d3       26%         1
 Kiss of Death            Conj/Necr      4%         2d5       26%         1
 Magic Dart               Conj           4%         1d3       26%         1
 Necrotise                Necr           4%         1d4       26%         1
 Shock                    Conj/Air       4%         1d3       26%         1
 Slow                     Hex            4%         N/A       26%         1
 Sting                    Tmut/Pois      4%         1d3       26%         1
 Summon Small Mammal      Summ           4%         N/A       26%         1
 Poisonous Vapours        Pois/Air       2%         N/A       36%         2
 Scorch                   Fire           2%         2d5       36%         2
 Searing Ray              Conj           2%         2d4       36%         2
 Static Discharge         Conj/Air       2%         2-3/arc   36%         2
 Call Canine Familiar     Summ           1%         N/A       61%         3
 Confusing Touch          Hex            1%         N/A       61%         3
 Frozen Ramparts          Ice            2%         1d1       61%         3
 Hailstorm                Conj/Ice       1%         3d3       61%         3
 Ignite Poison            Fire/Tmut/Pois 1%         N/A       61%         3
 Inner Flame              Hex/Fire       1%         N/A       61%         3
 Ozocubu's Armour         Ice            1%         N/A       61%         3
 Swiftness                Air            1%         N/A       61%         3
 Tukima's Dance           Hex            1%         N/A       61%         3
 Vampiric Draining        Necr           1%         2d6       61%         3
 Summon Forest            Summ/Tloc      4%         N/A       86%         5
 Airstrike                Air            0%         2d(1-17)  95%         4
 Animate Dead             Necr           1%         N/A       95%         4
 Dispel Undead            Necr           1%         3d6       95%         4
 Flame Wave               Conj/Fire      1%         2d4       95%         4
 Fulminant Prism          Conj/Hex       0%         3d5       95%         4
 Olgreb's Toxic Radiance  Pois           1%         N/A       95%         4
 Sticky Flame             Conj/Fire      1%         2d3       95%         4
 Summon Lightning Spire   Summ/Air       1%         N/A       95%         4
 Agony                    Necr           1%         N/A       100%        5
 Alistair's Intoxication  Tmut/Pois      0%         N/A       100%        5
 Borgnjor's Vile Clutch   Necr/Erth      0%         N/A       100%        5
 Fireball                 Conj/Fire      0%         3d3       100%        5
 Iskenderun's Battlesphe  Conj           1%         2d6       100%        5
 Silence                  Hex/Air        0%         N/A       100%        5
 Yara's Violent Unravell  Hex/Tmut       0%         3d3       100%        5
 Conjure Ball Lightning   Conj/Air       0%         3x3d6     100%        6
 Death Channel            Necr           0%         N/A       100%        6
 Eringya's Noxious Bog    Tmut/Pois      0%         N/A       100%        6
 Plasma Beam              Fire/Air       0%         2x1d11    100%        6
 Starburst                Conj/Fire      0%         6d3       100%        6
 Summon Cactus Giant      Summ           0%         N/A       100%        6
 Orb of Destruction       Conj           0%         9d5       100%        7
 Ozocubu's Refrigeration  Ice            0%         4d7       100%        7
 Storm Form               Tmut/Air       0%         N/A       100%        7
 Ignition                 Fire           0%         3d3       100%        8
 Lehudib's Crystal Spear  Conj/Erth      0%         10d2      100%        8
 Summon Horrible Things   Summ           0%         N/A       100%        8


Dungeon Overview and Level Annotations

Branches:
Dungeon (15/15)            Temple (0/1) D:5            Lair (5/5) D:8
  Swamp (4/4) Lair:3       Spider (4/4) Lair:2        Slime (0/5) Lair:4
    Orc (2/2) D:12            Elf (3/3) Orc:2        Vaults (4/5) D:14
  Crypt (0/3) Vaults:3     Depths (0/4) D:15         Bailey (visited)
Volcano (visited)

Shops:
D:1 [   D:2 [   Orc:2 :[*(:   Vaults:1 ?

Portals:
Trove: D:15 (give +5 demon whip)

Annotations:
D:4 Edmund
Lair:4 1 runed translucent door
Swamp:3 1 runed translucent door, Cuunut's ghost, adept DjIE
Elf:2 5 runed translucent doors
Elf:3 anet's ghost, adept MiBe
Vaults:1 1 transporter, Zigma's ghost, adept DrMo


Innate Abilities, Weirdness & Mutations

You have an increased reservoir of magic. (+10% MP)
You shall have no god before yourself.
Your divine heritage dramatically boosts your attributes as you level up.
You have a pair of small horns on your head.
You are weak. (Str -2)
You expend magic power (3 MP) to strengthen your wands.


Message History

Aim: a quicksilver ooze (77% to hit)
You shoot an arrow. The arrow hits the quicksilver ooze!
The quicksilver ooze is moderately wounded.
Your lungs strain for air!
The quicksilver ooze completely misses you. x2
The azure jelly completely misses you. x3; The azure jelly barely misses you.
The acid blob closely misses you.
The quicksilver ooze completely misses you. x2
The deep elf pyromancer casts a spell.
The deep elf pyromancer blinks!
Anet's ghost hits you!
You feel your power leaking away.
The glowing orange brain pulsates.
Something tries to feed on your intellect!
Unknown command.
Fire: Y) +4 longbow (heavy)
Press: ? - help, Q - select action, (/) - cycle Shift-Dir - straight line, f/p - quicksilver ooze
Aim: a quicksilver ooze (moderately wounded, 77% to hit)
You shoot an arrow. The arrow hits the quicksilver ooze!!!!
You kill the quicksilver ooze!
The ooze engulfing you falls away.
You gasp with relief as air once again reaches your lungs.
The acid blob barely misses you. The azure jelly misses you.
The azure jelly completely misses you. The azure jelly hits you.
The azure jelly misses you.
The floating eye gazes piercingly through you!
You suddenly lose the ability to move!
Anet's ghost hits you!!
* * * LOW HITPOINT WARNING * * *
The glowing orange brain blinks!
The azure jelly hits you but does no damage. x3
The azure jelly hits you.
* * * LOW HITPOINT WARNING * * *
The acid blob hits you!!
* * * LOW HITPOINT WARNING * * *
You are splashed with acid!
* * * LOW HITPOINT WARNING * * *
The deep elf zephyrmancer gestures at you while chanting.
The bolt of lightning hits the slime creature!!
The bolt of lightning hits anet's ghost.
Anet's ghost resists.
The bolt of lightning hits you!!
You die...

.....####....### #..# ##...##
.....'..'......####.### #.....#
...^.####....####....G###.....##
....## #...## #.....##.......#
...## ###'# ##'''###.......#
..#'## #.# ##eee..#####'####
+###.## #.# #JJJe...# #.# .#
##.## #.# #WJe....####'##### .#
##.####'####@JG....##...)...# .#
##'#.....###e|?)=##')).....#
'### ##.......###)_?###[........
...##
#.........########.........
...)# #.........##.# #..........
....###.........##.# #..........
....'.'...<.....##.# #..........
....###.........##.#
##'......... ....#
##.......###.###.#)...#####


You could see an acid blob, 2 azure jellies, a deep elf sorcerer (summoned), an
enormous slime creature, a slime creature, a glowing orange brain, 2 deep elf
archers, 2 deep elf pyromancers, a deep elf zephyrmancer (summoned), a floating
eye and anet's ghost.

Vanquished Creatures
  Mennas (Vaults:2)
  Jorgrun (D:15)
  A deep elf blademaster (Elf:2)
  A kraken (Swamp:1)
  2 sphinxes
  Kirke (D:15)
  Agnes (D:15)
  3 thorn hunters
  5 ghost moths
  11 deep elf sorcerers
  3 fire giants (Vaults:4)
  Aizul (Vaults:2)
  A fenstrider witch (Swamp:2)
  10 vault wardens
  8 emperor scorpions
  A curse skull (Vaults:3)
  An orc warlord (Orc:2)
  A deep elf elementalist (Elf:2)
  10 ironbound preservers
  4 war gargoyles
  3 quicksilver oozes (Elf:3)
  A stone giant (Vaults:4)
  2 deep elf demonologists (Elf:3)
  8 very ugly things
  9 ironbound thunderhulks
  2 broodmothers
  8 dire elephants (Vaults:1)
  7 eleionomae
  5 bunyips
  9 deep elf annihilators
  4 spark wasps (Spider:4)
  A jiangshi (Vaults:3)
  Snorg (Lair:5)
  2 crystal guardians
  A fire dragon (D:15)
  8 deep elf death magi
  2 ettins
  Josephine (Spider:1)
  6 deep elf high priests (Elf:3)
  8 great orbs of eyes
  9 entropy weavers
  19 hydras
  3 peacekeepers
  13 yaktaur captains
  Erolcha (D:12)
  12 vault guards
  5 catoblepae
  A rakshasa (D:14)
  An ice dragon (D:15)
  4 ghost crabs
  6 ironbound frosthearts
  A jorogumo (Spider:4)
  2 boulder beetles
  A radroach (Spider:3)
  8 centaur warriors
  3 two-headed ogres
  7 alligators
  14 death yaks
  2 orc high priests (Orc:2)
  11 dancing weapons
  4 tengu warriors (D:13)
  9 spriggans
  Sonja (D:11)
  16 deep elf knights
  Nergalle (D:10)
  3 skeletal warriors
  4 pharaoh ants
  A skyshark (Lair:4)
  5 sun moths
  A goliath frog (Swamp:3)
  5 spriggan druids
  A spark wasp zombie (D:15)
  15 orb spiders
  A flayed ghost (D:15)
  2 glowing orange brains
  8 swamp dragons (Swamp:4)
  11 lindwurms
  7 wizards
  3 steelbarb worms
  15 deep elf archers
  10 ironbound convokers
  37 deep elf zephyrmancers
  8 harpies
  5 orc knights
  35 deep trolls
  3 necromancers
  8 orc sorcerers
  6 manticores
  25 wolf spiders
  A frost giant zombie (D:15)
  A stone giant zombie (Vaults:4)
  4 will-o-the-wisps
  38 deep elf pyromancers
  5 cyclopes
  An oklob plant (Lair:5)
  17 elephants
  36 ugly things
  A toenail golem (Lair:1)
  5 moths of wrath
  Maurice (Orc:1)
  A guardian serpent (shapeshifter) (Elf:3)
  Joseph (D:10)
  4 black mambas
  10 demonic crawlers
  6 torpor snails
  2 ice statues (Elf:1)
  8 cane toads
  12 vault sentinels
  Maggie (D:6)
  An unseen horror (D:11)
  2 rime drakes
  A gargoyle (D:14)
  38 yaktaurs
  2 kobold demonologists (D:10)
  A tengu conjurer (D:15)
  8 komodo dragons
  3 freezing wraiths
  A human skeleton (Vaults:4)
  3 bloated husks
  9 tyrant leeches
  3 meliai
  2 polar bears (Lair:5)
  7 trolls
  11 hornets
  26 tarantellas
  11 dream sheep (Lair:5)
  12 blink frogs
  A spriggan zombie (D:15)
  39 jumping spiders
  Sigmund (D:6)
  2 air elementals (Elf:2)
  24 culicivoras
  3 shadows
  21 slime creatures
  60 yaks
  7 wraiths
  4 wyverns
  A yak (shapeshifter) (Elf:3)
  2 water elementals
  10 fire bats (Lair:3)
  4 fire elementals
  3 basilisks
  A redback (shapeshifter) (D:15)
  3 hogs (D:15)
  Menkaure (D:6)
  4 steam dragons
  64 redbacks
  21 vampire mosquitoes
  A glowing shapeshifter zombie (Vaults:4)
  12 swamp worms
  2 wargs (D:12)
  2 acid dragons
  9 water moccasins
  A glowing shapeshifter skeleton (D:15)
  An ice beast (D:5)
  2 sky beasts
  12 swamp drakes
  40 orc warriors
  2 black bears
  9 wolves
  4 ogres
  A phantom (D:5)
  3 kobold brigands
  7 earth elementals
  A gnoll sergeant (D:6)
  14 bullfrogs
  3 scorpions (D:5)
  8 killer bees
  An electric eel (Spider:4)
  9 howler monkeys
  2 lava snakes (Lair:3)
  3 jellies
  4 hounds
  2 gnoll boudas
  33 orc priests
  A sleepcap (D:4)
  8 iguanas
  Ijyb (D:5)
  30 orc wizards
  6 hell rats (Lair:5)
  Robin (D:2)
  12 gnolls
  10 adders
  3 shadow imps (D:6)
  4 ufetubi
  3 worms
  2 dart slugs
  99 orcs
  5 ball pythons
  8 bats
  2 endoplasms
  2 giant cockroaches
  12 goblins
  12 hobgoblins
  2 jackals (D:1)
  15 kobolds
  A quokka (D:3)
  3 frilled lizards
  5 rats
  A spectral goblin (D:2)
  2 tentacles (Swamp:1)
1538 creatures vanquished.

Vanquished Creatures (others)
  A deep elf elementalist (Elf:3)
  A deep elf annihilator (Elf:3)
  An alligator (Swamp:4)
  An orc high priest (Orc:2)
  A deep elf knight (Elf:2)
  A lindwurm (Vaults:4)
  A deep elf zephyrmancer (Elf:1)
  A manticore (D:14)
  A bloated husk (Swamp:4)
  2 tarantellas (Spider:4)
  2 spriggans (Swamp:4)
  A culicivora (Spider:4)
  A swamp worm (Swamp:4)
  An ice beast (D:8)
  An orc priest (Orc:2)
  An orc wizard (Orc:2)
  An orc (Orc:2)
  2 kobolds (D:10)
  4 foxfires
  24 fungi
  41 plants
  3 tentacles (Swamp:1)
  7 withered plants (D:15)
100 creatures vanquished.

Grand Total: 1638 creatures vanquished

Notes
Turn   | Place    | Note
-------+----------+-------------------------------------------
     0 | D:1      | MacCMillion the Demigod Hunter began the quest for the Orb.
     0 | D:1      | Reached XP level 1. HP: 17/17 MP: 3/3
     6 | D:1      | Reached skill level 1 in Stealth
    22 | D:1      | Found Hocuoph's Armour Shop.
   307 | D:1      | Reached XP level 2. HP: 24/24 MP: 4/4
   720 | D:2      | Noticed Robin
   836 | D:2      | Identified a scroll of acquirement
   836 | D:2      | Acquired 661 gold pieces
   841 | D:2      | Reached XP level 3. HP: 4/29 MP: 5/5
  1182 | D:2      | Reached XP level 4. HP: 31/36 MP: 6/6
  1326 | D:2      | Found Alukhlow's Armour Shoppe.
  1334 | D:2      | Bought the +3 pair of gauntlets of War {Slay+5} for 522
                  | gold pieces
  1334 | D:2      | Found the +3 pair of gauntlets of War {Slay+5}
  1714 | D:2      | Killed Robin
  1954 | D:3      | Identified the +0 robe of Supple Strength {Int+3}
  2445 | D:3      | Reached XP level 5. HP: 41/41 MP: 7/7
  3020 | D:4      | Reached XP level 6. HP: 48/48 MP: 8/8
  3309 | D:4      | Reached skill level 10 in Ranged Weapons
  3507 | D:5      | Entered Level 5 of the Dungeon
  3511 | D:5      | Found a staircase to the Ecumenical Temple.
  3772 | D:5      | Reached XP level 7. HP: 57/57 MP: 9/9
  3927 | D:5      | Noticed Ijyb
  3958 | D:5      | Killed Ijyb
  4123 | D:5      | Noticed Edmund
  4372 | D:5      | Gained mutation: You have a pair of small horns on your
                  | head. [potion of mutation]
  4372 | D:5      | Gained mutation: You are weak. (Str -2) [potion of
                  | mutation]
  4372 | D:5      | Gained mutation: You expend magic power (3 MP) to
                  | strengthen your wands. [potion of mutation]
  4390 | D:5      | Reached XP level 8. HP: 44/66 MP: 10/10
  5001 | D:6      | Noticed Menkaure
  5010 | D:6      | Noticed Sigmund
  5459 | D:6      | Killed Menkaure
  5515 | D:6      | Killed Sigmund
  5819 | D:6      | Reached skill level 5 in Dodging
  5950 | D:6      | Noticed Maggie
  6127 | D:6      | Reached skill level 5 in Fighting
  6368 | D:7      | You are sucked into a shaft and drop 3 floors!
  6368 | D:10     | Entered Level 10 of the Dungeon
  6757 | D:10     | Reached XP level 9. HP: 61/74 MP: 11/11
  6931 | D:10     | Noticed a kobold demonologist
  6937 | D:10     | Killed a kobold demonologist
  6971 | D:10     | Noticed a kobold demonologist
  6977 | D:10     | Noticed a smoke demon
  6983 | D:10     | Noticed an ice devil
  7169 | D:10     | Killed a kobold demonologist
  7207 | D:10     | Paralysed by a hornet for 1 turns
  7639 | D:8      | Found a flagged portal.
  7648 | Bailey   | Entered a bailey
  8769 | Bailey   | Acquired 860 gold pieces
  8771 | Bailey   | Noticed an orc knight
  8820 | Bailey   | Killed an orc knight
  8821 | Bailey   | Reached XP level 10. HP: 84/84 MP: 13/13
  9145 | D:8      | Found a staircase to the Lair.
 11367 | D:10     | Noticed Joseph
 11370 | D:10     | Noticed Nergalle
 11695 | Lair:1   | Entered Level 1 of the Lair of Beasts
 11978 | Lair:1   | Found a dark tunnel.
 11985 | Volcano  | Entered a volcano
 11988 | Volcano  | Noticed a wizard
 11989 | Volcano  | Noticed a toenail golem
 11990 | Volcano  | Noticed a toenail golem
 11998 | Lair:1   | Killed a wizard
 11999 | Lair:1   | Reached XP level 11. HP: 70/92 MP: 14/14
 12275 | Lair:1   | Noticed a four-headed hydra
 12664 | Lair:1   | Killed a four-headed hydra
 13510 | Lair:1   | Reached skill level 15 in Ranged Weapons
 13914 | Lair:2   | Identified the +0 war axe of Severance {freeze, rF+ rC-
                  | MP+9 Stlth+}
 14022 | Lair:2   | Identified the +1 whip of Pride {flame, rPois rC- MP+9
                  | Dex-2}
 14194 | Lair:2   | Found a hole to the Spider Nest.
 14207 | Lair:2   | Noticed a catoblepas
 14214 | Lair:2   | Killed a catoblepas
 15567 | Lair:3   | Reached XP level 12. HP: 101/101 MP: 15/15
 15840 | Lair:3   | Noticed a five-headed hydra
 16109 | Lair:3   | Killed a five-headed hydra
 16398 | Lair:3   | Found a staircase to the Swamp.
 17041 | Lair:4   | Noticed a boulder beetle
 17048 | Lair:3   | Killed a boulder beetle
 17294 | Lair:4   | Noticed a four-headed hydra
 17296 | Lair:4   | Killed a four-headed hydra
 17523 | Lair:4   | Identified the scarf "Zeunaz" {+Inv, rElec rC+ Slay-4}
 18235 | Lair:4   | Reached XP level 13. HP: 107/107 MP: 16/16
 18653 | Lair:4   | Reached skill level 1 in Armour
 18863 | Lair:4   | Found a runed translucent door.
 18887 | Lair:4   | Found a staircase to the Slime Pits.
 19261 | Lair:5   | Entered Level 5 of the Lair of Beasts
 19439 | Lair:5   | Reached skill level 5 in Armour
 20025 | Lair:5   | Noticed Snorg
 20028 | Lair:5   | Killed Snorg
 21233 | Lair:5   | Got the Information on Baneful Production
 21515 | D:10     | Killed Nergalle
 21680 | D:10     | Killed Joseph
 21852 | D:11     | Reached XP level 14. HP: 116/116 MP: 17/17
 22348 | D:11     | Noticed Sonja
 22350 | D:11     | Killed Sonja
 22841 | D:12     | Noticed Erolcha
 23407 | D:6      | Killed Maggie
 24011 | D:12     | Found a staircase to the Orcish Mines.
 24148 | Orc:1    | Entered Level 1 of the Orcish Mines
 24247 | Orc:1    | Noticed Maurice
 24251 | Orc:1    | Killed Maurice
 24579 | Orc:2    | Entered Level 2 of the Orcish Mines
 24579 | Orc:2    | Found Muor Cukh's Book Boutique.
 25458 | Orc:2    | Noticed an orc warlord
 25463 | Orc:2    | Killed an orc warlord
 25464 | Orc:2    | Reached skill level 10 in Fighting
 25464 | Orc:2    | Reached skill level 10 in Dodging
 25780 | Orc:2    | Found a staircase to the Elven Halls.
 26030 | Orc:2    | Found Vepnem's Antique Armour Shoppe.
 26031 | Orc:2    | Found Utsamar's Antique Weapon Shoppe.
 26033 | Orc:2    | Found Ewkog's General Store.
 26033 | Orc:2    | Found Lity's Book Emporium.
 26038 | Orc:2    | Bought an embroidered hat for 189 gold pieces
 26115 | Orc:2    | Bought a glowing longbow for 285 gold pieces
 27383 | D:14     | Identified the +4 scimitar "Fycyvetile" {holy, rPois rN++
                  | Str+3 Int-5}
 27555 | D:14     | Found a gate to the Vaults.
 27565 | D:14     | Reached XP level 15. HP: 86/130 MP: 18/18
 28652 | D:15     | Entered Level 15 of the Dungeon
 28652 | D:15     | Noticed Jorgrun
 28655 | D:15     | Noticed Agnes
 28656 | D:15     | Noticed Kirke
 28911 | D:15     | Killed Jorgrun
 29194 | D:15     | Found a staircase to the Depths.
 29799 | D:15     | Killed Agnes
 29985 | D:15     | Identified the staff of cold "Jipnuz" {rC+ Will+ Str-4
                  | Int+2 Dex+4}
 30176 | D:15     | Killed Kirke
 30470 | D:15     | Found a portal to a secret trove of treasure.
 30735 | Swamp:1  | Entered Level 1 of the Swamp
 31305 | Swamp:1  | Noticed a kraken
 31316 | Swamp:1  | Killed a kraken
 32218 | Swamp:2  | You are sucked into a shaft and drop 1 floor!
 32218 | Swamp:3  | Noticed Cuunut's ghost (adept DjIE)
 32218 | Swamp:3  | Found a runed translucent door.
 32220 | Swamp:3  | Identified the +7 trident of the Wary Seas {pain, *Slow Fly
                  | Str+2}
 32238 | Swamp:3  | Noticed a thorn hunter
 32245 | Swamp:3  | Killed a thorn hunter
 32918 | Swamp:3  | Reached XP level 16. HP: 130/145 MP: 16/19
 32989 | Swamp:3  | Paralysed by a fenstrider witch for 3 turns
 34223 | Swamp:4  | Entered Level 4 of the Swamp
 35608 | Swamp:3  | HP: 7/147 [poisoned by a swamp dragon (poison gas)]
 36573 | Swamp:4  | Reached skill level 15 in Fighting
 36573 | Swamp:4  | Reached skill level 15 in Dodging
 36638 | Swamp:4  | Got a decaying rune of Zot
 36887 | Spider:1 | Entered Level 1 of the Spider Nest
 37229 | Lair:2   | Learned a level 2 spell: Blink
 37345 | Spider:1 | Reached skill level 1 in Translocations
 38423 | Spider:1 | Noticed Josephine
 38431 | Spider:1 | Killed Josephine
 39311 | Spider:2 | Reached skill level 5 in Translocations
 39941 | Spider:3 | Reached skill level 1 in Spellcasting
 39973 | Spider:3 | Reached XP level 17. HP: 132/156 MP: 5/23
 41598 | Spider:4 | Entered Level 4 of the Spider Nest
 46539 | Spider:4 | Identified the +1 hat of Iqaoboag {rC+ Regen+ Dex+3}
 46560 | Spider:4 | Got a gossamer rune of Zot
 47192 | Vaults:1 | Entered Level 1 of the Vaults
 47558 | Vaults:1 | Found Umnih's Magic Scroll Emporium.
 47572 | Vaults:1 | Bought a scroll of blinking for 82 gold pieces
 47700 | Vaults:1 | Reached XP level 18. HP: 141/168 MP: 26/26
 48274 | Vaults:1 | Found the brooch of Shielding {Spirit SH+8}
 48282 | Vaults:1 | Noticed Zigma's ghost (adept DrMo)
 48283 | Vaults:1 | Found a transporter.
 48283 | Vaults:1 | Identified the +7 great mace of Egu Pisu {elec, Dex+5}
 49199 | Vaults:2 | Noticed Aizul
 49208 | Vaults:2 | Killed Aizul
 49445 | Vaults:2 | Noticed Mennas
 50074 | Vaults:2 | Killed Mennas
 51237 | Vaults:3 | You fall into a shaft and drop 1 floor!
 51259 | Vaults:4 | Reached XP level 19. HP: 181/181 MP: 27/27
 52283 | Vaults:3 | Found a staircase to the Crypt.
 54110 | D:12     | Killed Erolcha
 54524 | Elf:1    | Entered Level 1 of the Elven Halls
 55035 | Elf:1    | Found a frozen archway.
 55508 | Elf:1    | Got the Discourse on United Conflict
 55851 | Elf:2    | Paralysed by an air elemental for 1 turns
 56102 | Elf:2    | Identified the +0 pair of gloves of Altruism {Slay+3}
 56151 | Elf:2    | Reached XP level 20. HP: 193/193 MP: 28/28
 56980 | Elf:2    | Found a huge runed translucent gate.
 56980 | Elf:2    | Found a huge runed translucent gate.
 56980 | Elf:2    | Found a huge runed translucent gate.
 56980 | Elf:2    | Found a huge runed translucent gate.
 56980 | Elf:2    | Found a huge runed translucent gate.
 57194 | Elf:3    | Entered Level 3 of the Elven Halls
 57492 | Elf:3    | Found a runed translucent gate.
 57492 | Elf:3    | Found a runed translucent gate.
 57557 | Elf:3    | Found a runed translucent gate.
 57557 | Elf:3    | Noticed anet's ghost (adept MiBe)
 58547 | Elf:3    | Found the ring of the Octopus King {rF+ HP+2 AC+2 EV+2
                  | SH+2}
 59222 | Elf:3    | Identified the +8 plate armour of Fioff {rN+++ rCorr Str-4
                  | Int-3}
 59274 | Elf:3    | Identified the +11 whip of Hospitality {spect, rF+ Will+}
 59279 | Elf:3    | Identified the ring of Ivvu {Fly rElec}
 59640 | Elf:3    | Identified the +1 long sword "Warph" {venom, Str+6 Int+2}
 59683 | Elf:3    | Identified the staff of death "Usyvuf" {rN+ Str+8}
 60879 | Elf:3    | Identified the +5 whip of Articulation {drain, Fragile
                  | rElec rPois}
 61291 | Elf:3    | Identified the staff of cold "Jelua" {+Blink rPois rF- rC+
                  | Int+2}
 62447 | Elf:3    | Identified the +2 hat "Keleicipn" {Stlth+}
 62470 | Elf:3    | Identified the +3 pair of boots of Esolurph {Regen+ Slay+2}
 62487 | Elf:3    | Got Sif Muna's Precepts of Shifting Geometry
 62885 | Elf:3    | Paralysed by a floating eye for 2 turns
 62891 | Elf:3    | Paralysed by a floating eye for 3 turns
 62892 | Elf:3    | Killed from afar by a deep elf zephyrmancer

Illustrated notes

Levels and vault maps discovered:
D:1:      dpeg_arrival_rhombus, layout_basic, serial_shops, shop
D:2:      layout_basic, serial_shops,
          nicolae_shop_temple_entry_statues_fountains,
          dreamdust_ecumenical_altar_drowned_temple, basic_altar, minivault_27,
          uniq_robin
D:3:      layout_loops_corners, mainiacjoe_overflow_catwalk,
          kennysheep_generic_room_15
D:4:      layout_loops_ring, nicolae_hepliaklqana_ecumenical_no_more,
          nicolae_figureground_sparkle
D:5:      layout_loops_ring, mainiacjoe_overflow_alcove_4,
          mainiacjoe_overflow_cross_hatched,
          mainiacjoe_overflow_concentric_impassable,
          minmay_temple_entry_butterflies, minmay_bent, uniq_edmund, uniq_ijyb
D:6:      layout_basic, minmay_misc_feat_x, uniq_maggie, uniq_menkaure,
          uniq_sigmund
D:7:      layout_rooms, mainiacjoe_overflow_alcove_2,
          mainiacjoe_overflow_alcove_1, minmay_misc_feat_nine_boxes
D:8:      layout_loops_corners, mainiacjoe_overflow_six_doors_small,
          pf_just_have_faith, vehumet_altar_wand_db, dpeg_oklobed_lair,
          enter_bailey_5
D:9:      layout_long_grid, mainiacjoe_overflow_boulevard, minmay_holes
D:10:     layout_basic, minmay_misc_feat_tiny, uniq_nergalle, uniq_joseph
D:11:     layout_loops_ring, nicolae_fountain_basement, uniq_sonja
D:12:     layout_gridville, david_orc_1_choice, uniq_erolcha
D:13:     layout_rooms, hangedman_aviary
D:14:     layout_gridville, erik_vaults_2, grunt_decor_fettered,
          grunt_ministairs_6, roderic_roman_lattice
D:15:     gammafunk_depths_entry_grave, layout_loops_cross,
          minmay_strange_pillars, nicolae_trove_entry_columns, dispersion_dpeg,
          uniq_jorgrun, uniq_agnes, uniq_kirke
Lair:1:   beast_lair_carwin_large_1, layout_hall_layers, enter_volcano_1,
          guppyfry_lair_drakes
Lair:2:   layout_regular_city, dummy_spider_entry, fungi_pond_lemuel,
          grunt_megastairs_3
Lair:3:   layout_chaotic_city, minmay_swamp_entry_swarm
Lair:4:   layout_cellular_growth, slime_entry_2, grunt_megastairs_4
Lair:5:   evilmike_catoblepas_cave, layout_gridlike, dpeg_stationary_puzzle,
          uniq_snorg
Swamp:1:  layout_falls_marsh, basic_altar, nicolae_swamp_thats_no_hydra
Swamp:2:  layout_basic_swamp, evilmike_swamp_ruin_rubble_2, swamp_pool2
Swamp:3:  layout_falls_marsh, ebering_ghost_funeral_grove,
          evilmike_swamp_ruin_wall, swamp_pool5,
          nicolae_swamp_feature_on_the_river_bank
Swamp:4:  swamp, layout_basic_swamp
Spider:1: layout_spider_delve, nicolae_spider_twisty_arc_passages,
          uniq_josephine
Spider:2: layout_spider_delve
Spider:3: layout_spider_delve, nicolae_spider_cling_halls
Spider:4: grunt_spider_rune_circles, nicolae_spider_orb_run
Orc:1:    layout_diamond_mine, uniq_maurice
Orc:2:    st_orc_congregation, layout_caves, serial_shops,
          nicolae_shop_hallway_stairs
Elf:1:    layout_loops_corners, portal_ice_cave_entry_ice_statue_two,
          minmay_elf_sorcery
Elf:2:    elven_hall_of_blades_hangedman_alternative [nicolae_blade_bullseye],
          layout_loops_cross, wad_dig_loot
Elf:3:    minmay_elf_hall_x, layout_geoelf_octagon, gammafunk_ghost_ooze
Vaults:1: gammafunk_ghost_smash, kb_rosetta, nicolae_vaults_ring_of_whatevers,
          vaults_mumra_lcd, v_misc_13, v_misc_19, hangedman_vaults_maws,
          v_misc_17, vaults_room_mumra_shop_pool,
          ontoclasm_vaults_loading_screen, vaults_mumra_hex,
          nicolae_vaults_rhombus_7, layout_vaults_omnicross
Vaults:2: portal_desolation_entry_nicolae_forbidding_blocks,
          nicolae_vaults_hallways_thing, dpeg_vaults_monster_row,
          vaults_room_fours, nicolae_vaults_angled_halls, vaults_room_boxed,
          ontoclasm_vaults_twist, vaults_mumra_minichess, ontoclasm_vaults_spin,
          nicolae_vaults_border_crossing, layout_vaults_big_room, uniq_aizul,
          uniq_mennas
Vaults:3: ontoclasm_vaults_misaligned, vaults_room_semicircle,
          grunt_vaults_funnel, vaults_dpeg_encased_lava,
          hangedman_vaults_capsules, hangedman_vaults_restitches,
          dpeg_vaults_monster_box, ontoclasm_vaults_fault,
          minmay_crypt_entry_simple_round, ontoclasm_vaults_chip,
          vaults_room_ringed_pool, nicolae_vaults_little_squares_2,
          layout_vaults_omnigrid, uniq_margery
Vaults:4: v_pattern_3, st_check, hangedman_vaults_stretched_pinwheel,
          vaults_mumra_chevron_long, vaults_dpeg_cross, v_misc_17,
          vaults_room_grid, vaults_room_corners, vaults_mumra_chevron,
          nicolae_vaults_theta, vaults_dpeg_hooks, layout_vaults_ring

Skill      XL: |  1  2  3  4  5  6  7  8  9 10 11 12 13 14 15 16 17 18 19 20 |
---------------+-------------------------------------------------------------+-----
Stealth        | 1 3 4 |  4.0
Fighting       | 2 3 5 6 7 8 11 13 15 16 18 20 | 20.7
Dodging        | 2 3 5 6 7 8 11 13 15 16 18 20 | 20.7
Ranged Weapons | 9 10 11 13 15 17 18 19 | 19.1
Armour         | 9 |  9.6
Translocations | 6 7 |  7.0
Spellcasting   | 1 3 |  3.0

Action                     |  1- 3 |  4- 6 |  7- 9 | 10-12 | 13-15 | 16-18 | 19-21 || total
---------------------------+-------+-------+-------+-------+-------+-------+-------++-------
   Fire: Shortbow          |    75 |   158 |   352 |   371 |    46 |       |       ||  1002
         Arbalest          |       |       |       |   192 |   495 |       |       ||   687
         Longbow           |       |       |       |       |   403 |  1254 |   718 ||  2375
   Cast: Blink             |       |       |       |       |       |       |     3 ||     3
  Evoke: Wand              |       |       |     1 |       |       |       |       ||     1
         Box of beasts     |       |       |       |       |       |     1 |       ||     1
    Use: Potion            |     4 |       |     3 |     3 |       |     7 |     2 ||    19
         Scroll            |     3 |       |    10 |     4 |    12 |     8 |    15 ||    52
 Armour: Leather armour    |    12 |    10 |    22 |       |       |       |       ||    44
         Steam dragon scal |       |       |    16 |    47 |     8 |       |       ||    71
         Ring mail         |       |       |       |       |    60 |    49 |       ||   109
         Swamp dragon scal |       |       |       |       |       |   138 |    14 ||   152
         Robe              |       |       |       |       |       |       |    10 ||    10
  Dodge: Dodged            |    31 |    15 |   127 |   200 |   233 |  1330 |   421 ||  2357

Table legend: (Time is in decaauts)
 A = Elapsed time spent in this place.
 B = Non-inter-level travel time spent in this place.
 C = Inter-level travel time spent in this place.
 D = Time resting spent in this place.
 E = Time spent auto-exploring this place.
 F = Levels seen in this place.
 G = Mean time per level.
                   A        B        C        D        E       F      G
               +--------+--------+--------+--------+--------+-----+--------+
         Total |  63404 |  59579 |   3825 |  28305 |  22222 |  39 | 1625.7 |
       Dungeon |  18418 |  16618 |   1800 |   5616 |   8381 |  15 | 1227.9 |
          Lair |  10368 |   9693 |    675 |   5055 |   3265 |   5 | 2073.6 |
         Swamp |   6161 |   5923 |    238 |   3419 |   1656 |   4 | 1540.2 |
   Spider Nest |   9812 |   9504 |    308 |   5517 |   2708 |   4 | 2453.0 |
  Orcish Mines |   2368 |   2154 |    214 |   1091 |    708 |   2 | 1184.0 |
   Elven Halls |   8389 |   8141 |    248 |   4895 |   2281 |   3 | 2796.3 |
        Vaults |   6598 |   6258 |    340 |   1907 |   3067 |   4 | 1649.5 |
        Bailey |   1279 |   1279 |      0 |    803 |    155 |   1 | 1279.0 |
       Volcano |      8 |      8 |      0 |      0 |      0 |   1 |    8.0 |
               +--------+--------+--------+--------+--------+-----+--------+

Top non-repeatable levels by time:
   Elf:3: 5550 daAuts
Spider:4: 4574 daAuts
  Lair:3: 2509 daAuts
Spider:3: 2508 daAuts
 Swamp:3: 2493 daAuts
  Lair:2: 2328 daAuts
Vaults:2: 2273 daAuts
  Lair:1: 2161 daAuts
    D:10: 2017 daAuts
  Lair:5: 1931 daAuts
    D:15: 1612 daAuts
Vaults:3: 1564 daAuts
     D:5: 1544 daAuts
     D:8: 1523 daAuts
Vaults:1: 1501 daAuts
